[Event "Slovakia Open 2022"]
[Site "Bratislava"]
[Date "2022.09.30"]
[Round "1.36"]
[White "Hryshko Herman"]
[Black "Hnatyshyn, Anastasiia"]
[Result "0-1"]
[ECO "D53"]
[WhiteElo "1000"]
[BlackElo "2087"]
[Annotator "TA"]
[PlyCount "56"]
[EventDate "2022.09.30"]
[EventCountry "SVK"]
[SourceTitle "playchess.com"]
[Source "ChessBase"]
[SourceQuality "1"]
[TimeControl "2700+10"]

1. d4 d5 2. c4 e6 3. Nc3 Nf6 4. Bg5 Be7 5. Nf3 O-O 6. Ne5 {[%emt 0:00:30] [#] D53: Queen's Gambit Declined: 4 Bg5 Be7: Early deviations.} (6. e3 $11) 6... c5 $146 ({Predecessor:} 6... Nfd7 7. Bxe7 Qxe7 8. Nxd7 Qxd7 9. Qd2 dxc4 10. d5 a6 11. Rd1 Qe7 12. d6 Rd8 13. g3 f5 14. e4 Rd7 15. Ke2 f4 16. gxf4 b5 17. a4 a5 18. f5 {1-0 (18) Boe,O (1894)-Juriloo,K (2020) Stavanger 2017}) 7. dxc5 {[%emt 0:01:41] [#]} (7. e3 $11) 7... d4 $1 $17 8. Nb5 {[%emt 0:01:20] [#]} (8. Na4 $142) 8... Bxc5 ({Black should try} 8... a6 $1 9. Na3 Ne4) 9. Qa4 (9. Nd3 $17) 9... Nc6 10. Nxc6 (10. Nd3 $17 Be7 11. g3) 10... bxc6 $19 11. Na3 Qb6 12. Bxf6 gxf6 13. Rb1 (13. O-O-O {was the only defense.}) 13... Bb4+ 14. Kd1 e5 15. Nc2 {[%emt 0:02:34] [#]} Bf5 $1 16. g4 (16. Qb3 Rfd8) 16... Bg6 {[%emt 0:02:13] A strong pair of Bishops.} 17. h4 Rfd8 {[%emt 0:01:11][%cal Od4d3] Hoping for ...d3!} 18. Rh3 {[%emt 0:01:04] Against d3} (18. Nxb4 Bxb1 19. Kc1) 18... d3 19. Nxb4 Qxf2 {[%emt 0:02:07][%mdl 64] ( -> ...dxe2+). Trapped Piece} 20. Nxd3 Qxf1+ 21. Kc2 Qxe2+ {[%emt 0:00:54] Black mates.} 22. Kc3 Rxd3+ 23. Rxd3 Qxd3+ 24. Kb4 Rb8+ 25. Kc5 Qd4+ 26. Kxc6 Qb6+ 27. Kd7 Rd8+ 28. Ke7 Qd6# {[%emt 0:00:02] Black took control after the opening.  Weighted Error Value: White=1.20/Black=0.16 (very precise)} 0-1

[Event "Slovakia Open 2022"]
[Site "Bratislava"]
[Date "2022.09.30"]
[Round "1.37"]
[White "Krajnak, Robert"]
[Black "Merva Max"]
[Result "1-0"]
[ECO "A28"]
[WhiteElo "1931"]
[BlackElo "1000"]
[Annotator "TA"]
[PlyCount "99"]
[EventDate "2022.09.30"]
[EventCountry "SVK"]
[SourceTitle "playchess.com"]
[Source "ChessBase"]
[SourceQuality "1"]
[TimeControl "2700+10"]

1. c4 e5 2. Nc3 Nc6 3. d3 Nf6 4. Nf3 d6 5. g3 Bg4 6. Bg2 {[%emt 0:00:01] A28: English Opening: Four Knights Variation.} d5 {[%emt 0:00:12] [#]} (6... g6 $11 {keeps the balance.}) 7. cxd5 $146 ({Predecessor:} 7. Bg5 Be6 8. cxd5 Bxd5 9. Bxf6 gxf6 10. O-O Bg7 11. e3 O-O 12. d4 Bxf3 13. Bxf3 exd4 14. Bxc6 dxc3 15. Qxd8 Rfxd8 16. Bxb7 cxb2 {0-1 (56) Wang,A (1196)-Xu,X (910) Sault Ste Marie 2017}) 7... Nxd5 {[%emt 0:00:03] [#]} 8. O-O (8. Nxe5 $1 $16 Nxc3 (8... Nxe5 9. Nxd5) 9. Bxc6+ bxc6 10. Qb3 (10. bxc3 Qd5 $14)) 8... Bb4 {[%emt 0:00:03] [#]} (8... Nb6 $14) 9. Qb3 $2 (9. Nxe5 $1 $18 Nxe5 (9... Nxc3 10. bxc3) 10. Nxd5) 9... Na5 10. Qxd5 $18 Qxd5 11. Nxd5 O-O (11... Bd6 $142 12. Ne3 Bd7) 12. Nxb4 c6 13. Nc2 c5 14. Ne3 Bh5 15. g4 Bg6 16. Nxe5 Nc6 17. Nxc6 bxc6 18. Bxc6 Rac8 19. Bd5 Rc7 20. Bd2 Re8 21. Rac1 Rec8 22. Rc2 h5 23. h3 h4 24. Rfc1 Kf8 25. b4 f6 26. Rxc5 Rxc5 27. Rxc5 Rxc5 28. bxc5 {[%emt 0:00:02] White mates.} Bf7 29. Bxf7 Kxf7 30. Nf5 g6 31. Nxh4 g5 32. Nf5 Ke6 33. e4 a5 34. Bxa5 Ke5 35. Bc3+ Ke6 36. d4 Kf7 37. d5 Ke8 38. Bxf6 Kd7 39. Bxg5 Kc7 40. Bf4+ Kb7 41. h4 Ka6 42. h5 Kb5 43. c6 Kc4 44. h6 Kc5 45. h7 Kb6 46. h8=Q Ka5 47. Qb8 Ka6 48. Qb7+ Ka5 49. Bd2+ Ka4 50. Qb3# {[%emt 0:00:03] Weighted Error Value: White=0.51/Black=1.85} 1-0

[Event "Slovakia Open 2022"]
[Site "Bratislava"]
[Date "2022.09.30"]
[Round "2.1"]
[White "Sobek, Michal"]
[Black "Korobov, Anton"]
[Result "0-1"]
[ECO "B51"]
[WhiteElo "2156"]
[BlackElo "2671"]
[Annotator "TA"]
[PlyCount "80"]
[EventDate "2022.09.30"]
[EventCountry "SVK"]
[SourceTitle "playchess.com"]
[Source "ChessBase"]
[SourceQuality "1"]
[TimeControl "2700+10"]

1. e4 c5 2. Nf3 d6 3. Bb5+ Nd7 4. c3 Ngf6 5. Qe2 a6 6. Ba4 e5 7. O-O Be7 8. d4 O-O 9. Rd1 {[%emt 0:00:56] is the legacy move (9.dxe5).} b5 $5 {[%emt 0:00:31][%cal Bb7b5,Bb5b4][%mdl 4] A promising side line.} 10. Bc2 Qc7 {[%emt 0:00:07] B51: Sicilian: Moscow Variation (3 Bb5+) without 3...Bd7.} 11. a4 {[%emt 0:00:04] 11.a4 is better than 11.d5.} Rb8 12. Na3 b4 {[%emt 0:02:41] The position is equal.} 13. Nc4 {[%emt 0:03:27] [#]} cxd4 $146 ({Predecessor:} 13... a5 14. Ne3 bxc3 15. bxc3 Re8 16. Nf5 Nf8 17. N3h4 Ng6 18. dxe5 Nxe5 19. Nxe7+ Rxe7 {½-½ (46) Chernyak,V (2107)-Koivusalo,V (1996) Jyvaskyla 2014}) 14. cxd4 exd4 15. Nxd4 Nc5 16. Bf4 b3 17. Bb1 ({White should try} 17. e5 $16 bxc2 18. Qxc2) 17... Bg4 $14 18. f3 Be6 {[%emt 0:00:40] [#]} 19. Nxd6 $2 {[%emt 0:01:24][%mdl 8192] This costs White the game.} Nh5 $19 20. Be5 f6 ({Don't play} 20... Bxd6 21. Nxe6 Nxe6 22. Bxd6 Qb6+ 23. Qf2 $18) 21. N6f5 fxe5 22. Nxe7+ (22. Nxe6 $142 Nxe6 23. Qxa6) 22... Qxe7 23. Nc6 Qg5 24. Nxb8 Nf4 25. Qd2 Rxb8 26. g3 Rf8 {[%emt 0:00:50][%cal Bb8f8,Bf8f3,Bf3f2][%mdl 32] Strongly threatening ...Bc4.} 27. Kh1 Nh3 {[%emt 0:00:37][%cal Oe6g4] Hoping for ...Bg4! Pair of Knights!} 28. Qxg5 Nxg5 29. Rc1 {[%emt 0:00:05] [#]} (29. h4 $142 Nxf3 30. Kg2) 29... Rxf3 $1 30. h4 Ngxe4 31. Bxe4 Nxe4 32. Re1 Bd5 {[%emt 0:00:25] aiming for ...Rf2.} 33. Kh2 Rf2+ 34. Kg1 Rxb2 35. Rad1 Nd2 {[%emt 0:00:15] ( -> ...Nf3+)} 36. Re2 Nf3+ 37. Kf2 Ra2 {[%emt 0:00:36] And now ...Nd4 would win.} 38. Rxd5 Nd4 {[%emt 0:00:02] Black mates.} 39. Rd8+ Kf7 40. Rd7+ Ke6 {[%emt 0:00:15] Weighted Error Value: White=0.99/Black=0.46} 0-1

[Event "Slovakia Open 2022"]
[Site "Bratislava"]
[Date "2022.09.30"]
[Round "2.2"]
[White "Stocek, Jiri"]
[Black "Bombek, Peter"]
[Result "1-0"]
[ECO "D55"]
[WhiteElo "2559"]
[BlackElo "2083"]
[Annotator "TA"]
[PlyCount "39"]
[EventDate "2022.09.30"]
[EventCountry "SVK"]
[SourceTitle "playchess.com"]
[Source "ChessBase"]
[SourceQuality "1"]
[TimeControl "2700+10"]

1. d4 d5 2. Nf3 Nf6 3. Bg5 e6 4. e3 Be7 5. c4 O-O 6. Nc3 h6 7. Bxf6 Bxf6 8. Rc1 b6 9. cxd5 exd5 10. b4 {[%emt 0:01:51] [#]} a5 $146 {[%emt 0:02:31] D55: Queen's Gambit Declined: 4 Bg5 Be7: Lines without ...h6 and 6...h6 7 Bxf6.} (10... Be7 $11 {is more appropriate.}) ({Predecessor:} 10... Be6 11. Be2 Be7 12. b5 c5 13. O-O Nd7 14. dxc5 Nxc5 15. Nd4 Qd7 16. Bf3 a6 17. Nc6 Bf6 18. Nxd5 Bxd5 19. Bxd5 axb5 {1-0 (39) Shimanov,A (2597)-Pruijssers,R (2561) Tornelo INT 2021}) 11. b5 $1 $14 Be6 12. Be2 c5 {[%emt 0:00:14] White is slightly better.} 13. bxc6 Nxc6 14. O-O Be7 15. Qa4 Na7 16. Ba6 ({White should try} 16. Ne5 $16) 16... Rb8 {[%emt 0:01:18][%cal Ob6b5] [#] And now ...b5! would win.} 17. Ne5 Bb4 {[%emt 0:00:43] Hoping for ...Bxc3.} 18. Nb5 {[%emt 0:02:33] White has more active pieces. Pair of Knights!} Bd7 $2 (18... Qe8 $14) 19. Nxd7 $18 Qxd7 20. Rc7 {[%emt 0:00:09] Weighted Error Value: White=0.08 (flawless) /Black=0.88} 1-0

[Event "Slovakia Open 2022"]
[Site "Bratislava"]
[Date "2022.09.30"]
[Round "2.3"]
[White "Babula, Vlastimil"]
[Black "Laurusas, Tomas"]
[Result "1/2-1/2"]
[ECO "B81"]
[WhiteElo "2574"]
[BlackElo "2563"]
[Annotator "TA"]
[PlyCount "120"]
[EventDate "2022.09.30"]
[EventCountry "SVK"]
[SourceTitle "playchess.com"]
[Source "ChessBase"]
[SourceQuality "1"]
[TimeControl "2700+10"]

1. e4 c5 2. Nf3 e6 3. d4 cxd4 4. Nxd4 Nf6 5. Nc3 d6 6. g4 a6 7. g5 Nfd7 8. Be3 b5 9. f3 {[%emt 0:02:56] White has more active pieces. B81: Sicilian Scheveningen: Keres Attack.} (9. a3 $14) 9... Bb7 $11 10. Qd2 Nb6 11. Qf2 N8d7 12. Bd3 Rc8 13. h4 b4 14. Nce2 {[%emt 0:00:18] [#]} d5 $146 ({Predecessor:} 14... Qc7 15. h5 d5 16. Rf1 Nc4 17. Bxc4 Qxc4 18. b3 Qc7 19. f4 dxe4 20. g6 hxg6 21. hxg6 {0-1 (38) Skinke,K (2117)-Aliaga Fernandez,I (2033) Batumi 2006}) 15. O-O-O e5 16. Nf5 (16. Nb3 $5 ) 16... g6 17. Nh6 d4 $132 {[%emt 0:00:21][%mdl 2048] [#] Black is not keeping still} 18. Nxd4 Bxh6 19. gxh6 exd4 20. Bxd4 O-O 21. h5 Qc7 22. Rdg1 (22. b3 $14) 22... Nc5 23. Kb1 Nxd3 24. cxd3 Nd7 25. f4 {[%emt 0:06:29][%cal Bf3f4,Bf4f5][%mdl 32] Prevents Ne5. Black must now prevent f5.} Qd6 26. f5 {[%emt 0:02:47] Hoping for hxg6.} Ne5 27. hxg6 fxg6 28. Bxe5 Qxe5 29. Qb6 Qc7 30. Qxb4 {[%emt 0:04:33] [#] Dancing on a razor blade.} (30. Qxc7 $2 Rxc7 31. fxg6 Rf3 32. gxh7+ Kxh7 33. Rg7+ Rxg7 34. hxg7+ Kg8 35. Rh8+ Kxg7 $17) 30... Rxf5 31. Rc1 Rc5 32. Rxc5 Qxc5 33. Qb3+ (33. Qxb7 $2 {is a self mate.} Qc2+ 34. Ka1 Qc1+ $3 35. Rxc1 Rxc1#) 33... Kh8 $1 34. a3 (34. Qxb7 $2 {gets mated.} Qc2+ 35. Ka1 Qc1+ $3 36. Rxc1 Rxc1#) 34... Qe7 {[%emt 0:07:18][%cal Ob7e4] Threatens to win with ...Bxe4!} 35. Rf1 {[%emt 0:00:22] Rf7 is the strong threat.} Ba8 36. Rf7 Qe5 {[%emt 0:00:01][%mdl 8192] [#]} (36... Qd6 $11) 37. Qb4 $2 (37. Qc4 $3 $18 Rb8 38. b4) 37... Kg8 $14 38. Rg7+ Kh8 39. Rf7 (39. Qb6 $14 Bxe4 40. Rd7 (40. dxe4 Qxe4+ 41. Ka2 Rg8 $14)) 39... Rg8 $2 {[%emt 0:00:15][%mdl 8192] [#]} (39... Kg8 $11 {and Black has nothing to worry.} 40. Qb3 Kh8) 40. Rf8 $2 (40. Qc4 $1 $18 {White threatens Rc7 and mate.} Rb8 41. b4) 40... a5 $11 41. Rxg8+ Kxg8 42. Qc4+ Kf8 43. Qc8+ Kf7 $2 (43... Qe8 $11 {and Black stays safe.} 44. Qc3 Ke7) 44. Qxa8 $18 {[%emt 0:00:03][%mdl 4096] Endgame KQ-KQ} g5 45. Kc2 $2 (45. Qc6 $18) 45... g4 (45... Qc5+ $1 $11 46. Kb1 Qg1+ 47. Ka2 Qb6) 46. Qb7+ (46. Qc8 $14 Qh2+ 47. Kb3) 46... Kg6 $11 {[%emt 0:00:03] aiming for ...g3. The position is equal.} 47. Qg7+ Qxg7 48. hxg7 Kxg7 {[%emt 0:00:01] And now ...g3 would win. KP-KP} 49. Kd2 {[%emt 0:00:02] Intending b4 and mate.} a4 $1 50. Ke3 Kf6 51. Kf4 h5 52. d4 Ke6 53. Kg3 Kf6 54. Kf4 Ke6 55. Kg3 Ke7 56. Kf4 Kd6 57. d5 Kc5 58. Kg3 Kd6 59. Kf4 Kc5 60. Kg3 Kd6 {[%emt 0:00:01] Weighted Error Value: White=0.42/Black=0.24 (precise)} 1/2-1/2

[Event "Slovakia Open 2022"]
[Site "Bratislava"]
[Date "2022.09.30"]
[Round "2.4"]
[White "Mikulas, Dusan"]
[Black "Heberla, Bartlomiej"]
[Result "0-1"]
[ECO "B45"]
[WhiteElo "2047"]
[BlackElo "2568"]
[Annotator "TA"]
[PlyCount "96"]
[EventDate "2022.09.30"]
[EventCountry "SVK"]
[SourceTitle "playchess.com"]
[Source "ChessBase"]
[SourceQuality "1"]
[TimeControl "2700+10"]

1. e4 c5 2. Nf3 e6 3. d4 cxd4 4. Nxd4 Nf6 5. Bd3 Nc6 6. Nxc6 bxc6 7. O-O e5 8. Nc3 Bc5 {[%emt 0:00:19] B45: Sicilian Four Knights.} 9. Bg5 h6 10. Bh4 g5 {[%emt 0:00:02] The position is equal.} 11. Bg3 d6 12. Na4 {[%emt 0:01:03] [#]} Bb6 $146 ({Predecessor:} 12... Bb4 13. c3 Ba5 14. b4 Bc7 15. c4 h5 16. h4 Ng4 17. hxg5 h4 18. Bh2 Qxg5 {0-1 (37) Jagodzinski,O (1519)-Piotrowski,P (2067) Poznan 2021}) 13. Nxb6 axb6 14. f3 Nh5 15. Bc4 Qf6 16. Qd2 Ke7 (16... O-O $11) 17. Rad1 Ba6 18. Bxa6 Rxa6 19. a3 b5 20. Qd3 Ra4 21. Rd2 (21. Qc3 $14 {should be considered.}) 21... Rd4 $11 22. Qe3 Rxd2 23. Qxd2 Ra8 24. c4 Qe6 25. cxb5 cxb5 26. Rc1 Rc8 {[%emt 0:01:34] Against Rc7+} 27. Rd1 Rc6 28. Bf2 Qb3 {[%emt 0:02:30] [#]} (28... Qc4 $11) 29. Rc1 (29. Bc5 $1 $14 Ke8 30. Bxd6) 29... Rxc1+ 30. Qxc1 {[%emt 0:00:02][%mdl 4096] Endgame KQB-KQN} Nf4 31. Qc7+ Ke6 32. Qc8+ Kf6 (32... Ke7 $5 33. Qc7+ $8 Ke6 34. Qc8+ Kf6 35. Qd8+ Kg7 36. Qxd6 (36. h4 {gets mated.} Qd1+) 36... Qxb2 $11) 33. Qd8+ $1 Kg7 34. Qxd6 (34. h4 {is a self mate.} Qd1+) 34... Qxb2 35. h4 $2 (35. h3 $1 $11 {and White has nothing to worry.}) 35... gxh4 $19 {[%emt 0:00:24] Threatens to win with ...h3.} 36. Qd7 {[%emt 0:02:25] Against h3} h5 {[%emt 0:06:47] Prevents Qg4+. ( -> ...Qc1+)} ({Worse is} 36... Qxa3 37. Qxb5 Qc1+ 38. Kh2 $15) 37. Qf5 h3 38. Qg5+ {[%emt 0:00:23] [#]} (38. gxh3 Qa1+ 39. Kh2) 38... Ng6 $1 39. gxh3 Qxa3 40. Be3 Qa1+ 41. Kg2 Qb2+ 42. Kg1 Qb1+ 43. Kg2 (43. Bc1 $142 b4 44. Qh6+ Kg8 45. Kf2) 43... Qc2+ 44. Kg1 Qd1+ 45. Kg2 Qe2+ 46. Kg1 Qxf3 47. Bc5 Qd1+ 48. Kg2 Qc2+ {[%emt 0:00:03] Weighted Error Value: White=0.66/Black=0.24 (precise)} 0-1

[Event "Slovakia Open 2022"]
[Site "Bratislava"]
[Date "2022.09.30"]
[Round "2.5"]
[White "Kraus, Tomas"]
[Black "Vadila, Ondrej"]
[Result "1-0"]
[ECO "B22"]
[WhiteElo "2479"]
[BlackElo "2178"]
[Annotator "TA"]
[PlyCount "113"]
[EventDate "2022.09.30"]
[EventCountry "SVK"]
[SourceTitle "playchess.com"]
[Source "ChessBase"]
[SourceQuality "1"]
[TimeControl "2700+10"]

1. e4 c5 2. c3 Nf6 3. e5 Nd5 4. Nf3 d6 5. exd6 Qxd6 6. d4 $1 {[%emt 0:00:13] B22: Sicilian: 2 c3.} Bg4 {[%emt 0:04:29] [#]} 7. dxc5 $146 ({Predecessor:} 7. Be2 Nc6 8. O-O e6 9. Na3 a6 10. Nc4 Qc7 11. Ne3 Nxe3 12. Bxe3 cxd4 13. Nxd4 Bxe2 14. Qxe2 {0-1 (38) Kumpulainen,J (1924)-Pasanen,T (2016) Helsinki 2011}) 7... Qxc5 8. Be2 {[%emt 0:01:12] The position is equal.} Nc6 9. h3 Bf5 10. O-O e6 11. Qa4 Nb6 12. Qb3 Be7 13. Be3 Qa5 14. Nbd2 O-O 15. a4 Qd5 16. Qb5 Bd8 17. a5 a6 $1 18. Qc5 $36 {[%emt 0:01:24][%mdl 2048] White has some pressure.} Nd7 19. Qxd5 exd5 20. Nb3 Nde5 21. Nxe5 Nxe5 22. Nc5 Rb8 ({Black should try} 22... Nc4 $14) 23. Rfd1 $18 Be6 24. Nxe6 {[%emt 0:01:35] White has more active pieces. The black rooks are badly placed.} (24. Bf4 $16 Bc7 25. Re1) 24... fxe6 $14 25. Bc5 Rf5 26. f4 (26. Re1 $14) 26... Rc8 27. Bd4 {[%emt 0:01:05] This bishop pair is nice.} ({Of course not} 27. fxe5 Rxc5 28. Bg4 Rxe5 $15) 27... Nc6 (27... Rxf4 $11 {remains equal.} 28. Bxe5 Re4) 28. Bg4 $16 Nxd4 29. Rxd4 Rf6 30. Rxd5 $1 exd5 31. Bxc8 {[%emt 0:00:01][%mdl 4096] Endgame KRB-KRB} b6 32. Re1 {[%emt 0:00:56] [#] Hoping for Re8+.} Kf7 {[%emt 0:00:34] Prevents Re8.} 33. f5 Rd6 34. Be6+ Kf6 35. Rd1 Ke5 36. Re1+ Kf6 37. axb6 Bxb6+ 38. Kf1 d4 39. Rd1 Ke5 40. Ke2 Ke4 41. Rd3 Ke5 42. c4 Bc5 43. Rb3 Rb6 44. Rxb6 Bxb6 $14 {[%emt 0:00:01] KB-KB} 45. b4 Bc7 (45... Ke4 $14) 46. c5 $16 {[%emt 0:00:10] Bc4 is the strong threat.} Ke4 47. Bc4 {[%emt 0:00:18] [#] Prevents d3+. Threatens to win with Bd3+.} a5 48. b5 Ke5 $2 {[%emt 0:00:10][%mdl 8192] This move loses the game for Black.} (48... Bg3 $16) 49. b6 {[%emt 0:00:14] White is clearly winning.} Bd8 50. Kd3 a4 51. g4 a3 52. Ba2 h6 53. Bb3 h5 54. gxh5 Kxf5 55. Kxd4 Kg5 56. Kc4 Kxh5 57. Kb5 {[%emt 0:00:10] Weighted Error Value: White=0.10 (very precise) /Black=0.13 (very precise)} 1-0

[Event "Slovakia Open 2022"]
[Site "Bratislava"]
[Date "2022.09.30"]
[Round "2.6"]
[White "Stevik, Patrik"]
[Black "Klabis, Rokas"]
[Result "0-1"]
[ECO "E05"]
[WhiteElo "2148"]
[BlackElo "2396"]
[Annotator "TA"]
[PlyCount "92"]
[EventDate "2022.09.30"]
[EventCountry "SVK"]
[SourceTitle "playchess.com"]
[Source "ChessBase"]
[SourceQuality "1"]
[TimeControl "2700+10"]

1. Nf3 Nf6 2. g3 d5 3. Bg2 e6 4. d4 Be7 5. O-O O-O 6. c4 dxc4 7. Nbd2 b5 8. a4 c6 {[%emt 0:00:06] E05: Open Catalan: 5 Nf3 Be7.} 9. Qc2 {[%emt 0:03:18] The main line 9.Qc2 scores better than 9.Ne5.} Nd5 {[%emt 0:03:34] is the legacy move (9...Bb7).} 10. b3 (10. Ne4 $1 $11 {was the only way to keep the balance.}) 10... c3 $17 {[%emt 0:03:30] Black is better.} 11. Ne4 b4 12. Neg5 {[%emt 0:00:40][%csl Gg5][%cal Rc2h7] [#]} Nf6 $146 ({Predecessor:} 12... g6 13. e4 Nc7 14. e5 Nd7 15. Qe4 h6 16. Qh4 hxg5 17. Nxg5 Bxg5 18. Bxg5 {0-1 (33) Ivlev,A (2315)-Sarana,A (2640) Bryansk 2021}) 13. e4 {[%emt 0:03:27] And now e5 would win.} h6 14. e5 hxg5 15. Nxg5 g6 {[%emt 0:03:33] Strongly threatening ...Nd5.} 16. exf6 Bxf6 17. Ne4 Bg7 (17... Qxd4 $2 18. Rd1 $18) ({Black should try} 17... Bxd4 $17 {aiming for ...Kg7.} 18. Bg5 f6) 18. Bg5 $11 Qa5 $36 {[%emt 0:01:38][%mdl 2048] Black is more active.} 19. Be7 {[%emt 0:07:34] [#]} (19. Nf6+ Kh8 20. Qc1 Nd7 $15) (19. Rfe1 $11 {keeps the balance.}) 19... Re8 $1 $17 20. Bc5 {[%emt 0:02:24] White does not recover from this.} (20. Bg5 $17 {keeps fighting.}) 20... Ba6 $19 21. Rfd1 Nd7 22. Nd6 (22. h4 {might work better.}) 22... Nxc5 23. dxc5 Red8 (23... Qxc5 24. Nxe8 Rxe8 25. Rd7 $17) 24. Bxc6 {[%emt 0:04:40] [#]} Rab8 ({Weaker is} 24... Qxc5 25. Bxa8 Rxd6 26. Rxd6 Qxd6 27. Rd1 $17) 25. Bb5 Bxb5 26. Nxb5 Rxd1+ 27. Rxd1 a6 28. Nd6 Qxc5 29. Nc4 Bd4 30. Rd3 $2 {[%emt 0:00:52] [#]} (30. Rc1) 30... Qxc4 $3 31. bxc4 b3 32. Qd1 b2 33. Rxd4 (33. Qb1 $142 c2 34. Qxc2 b1=Q+ 35. Qxb1 Rxb1+ 36. Kg2) 33... b1=Q {[%emt 0:00:03][%mdl 4096] Endgame KQR-KQR} 34. Rd8+ Kh7 35. Kg2 c2 (35... Qe4+ $142 36. f3 Rxd8 37. Qxd8 Qe2+ 38. Kg1 Qe3+ 39. Kg2 c2 40. Qf6 Kg8 41. Qf4 Qxf4 42. gxf4 c1=Q 43. Kf2 Qxc4 44. h4 Qxa4 45. Ke3 a5 46. Ke2 Qxf4 47. Kd3 a4 48. Kc2 a3 49. Kb3 Qxf3+ 50. Kc2 a2 51. Kb2 Qg2+ 52. Kb3 a1=Q 53. Kc4 Qd5+ 54. Kb4 Qaa5#) 36. Qf3 Qb7 ({Inferior is} 36... c1=Q 37. Qxf7+ Kh6 38. Qf8+ Kh5 39. Qf3+ Kh6 40. Qf8+ Kh5 41. Qf3+ Kh6 42. Qf8+ $11) 37. Rxb8 Qxf3+ ({Worse is} 37... Qxb8 38. Qxf7+ Kh6 39. Qe7 $15) 38. Kxf3 c1=Q {[%emt 0:00:03] KQ-KR} 39. Rb7 Kg7 (39... Qh1+ $142 40. Ke3 Qxb7 41. a5 Qb2 42. g4 Qc3+ 43. Kf4 Qxa5 44. Kf3 Qc3+ 45. Kg2 a5 46. c5 a4 47. h3 a3 48. c6 a2 49. h4 a1=Q 50. h5 Qd1 51. Kh2 Qxg4 52. hxg6+ Kxg6 53. Kh1 Qh8#) 40. Rc7 Qa3+ 41. Ke4 Qxa4 42. Kd4 Qb4 {[%emt 0:00:11] ( -> ...Qd6+)} 43. Rc5 Qd2+ {[%emt 0:00:06] Black mates.} 44. Ke5 Qxf2 45. Kd6 a5 46. Rb5 Qd4+ {[%emt 0:00:06] Weighted Error Value: White=1.07/Black=0.50} 0-1

[Event "Slovakia Open 2022"]
[Site "Bratislava"]
[Date "2022.09.30"]
[Round "2.7"]
[White "Leniart, Arkadiusz"]
[Black "Lecky, Juraj"]
[Result "1-0"]
[ECO "B22"]
[WhiteElo "2479"]
[BlackElo "2070"]
[Annotator "TA"]
[PlyCount "93"]
[EventDate "2022.09.30"]
[EventCountry "SVK"]
[SourceTitle "playchess.com"]
[Source "ChessBase"]
[SourceQuality "1"]
[TimeControl "2700+10"]

1. e4 c5 2. c3 Nf6 3. e5 Nd5 4. Bc4 Nb6 5. Bb3 c4 6. Bc2 {[%emt 0:00:03] B22: Sicilian: 2 c3.} d6 7. exd6 Qxd6 8. Nf3 {[%emt 0:00:03] White has an edge.} (8. b3 {looks sharper.} Nc6 9. bxc4 Nxc4 10. Qe2) 8... Qe6+ 9. Kf1 $1 {[%emt 0:00:03][%mdl 4] now scores much better than the old 9.Qe2.} Qd5 10. Qe2 {[%emt 0:00:09] [#]} Bf5 $146 ({Predecessor:} 10... Nc6 11. Na3 Bg4 12. Be4 Qe6 13. h3 Bh5 14. b3 cxb3 15. axb3 O-O-O 16. Nc4 Nd5 {½-½ (104) Lodici,L (2404)-Shevchenko,K (2537) Trieste 2017}) 11. Bxf5 Qxf5 12. Na3 Qc5 (12... Nc6 $14) 13. Ne5 $16 N8d7 14. Naxc4 Nxe5 15. Nxe5 f6 16. d4 Qd5 17. Nd3 e5 18. Nf4 (18. dxe5 O-O-O $14) 18... Qd7 19. dxe5 O-O-O 20. Be3 fxe5 21. Nh5 (21. Bxb6 $142 axb6 22. Nh5 (22. Qxe5 $2 Bd6 $19)) 21... Qc6 22. h3 (22. Bxb6 $16 Qxb6 23. Ng3 (23. Qxe5 Qxb2 24. Re1 Bd6 $17)) 22... Be7 (22... Nd5 $14) 23. Kg1 g6 (23... Nd5 $142) 24. Ng3 Nd5 25. Kh2 h5 26. Rhd1 h4 (26... a6 $16 27. f3 Rhe8) 27. Ne4 $18 Rhf8 28. c4 (28. Bxa7 $6 Nf4 29. Qe3 Nd5 30. Rxd5 Qxd5 $16) 28... Nf6 (28... Nxe3 {was necessary.} 29. Qxe3 Qb6 30. Qxb6 axb6) 29. Nxf6 Qxf6 30. a4 ({Much less strong is} 30. Bxa7 b6) 30... Bd6 31. Qg4+ Kb8 32. Kg1 e4 33. Qxe4 Rfe8 34. Qf3 Qxf3 35. gxf3 {[%emt 0:00:03][%cal Od1d6] aiming for Rxd6!} Be5 {[%emt 0:00:10] [#]} 36. Rxd8+ $1 Rxd8 {[%emt 0:00:00][%mdl 4096] Endgame [#] KRB-KRB} 37. Rb1 g5 38. Kf1 Bf4 39. Ke2 Rd6 40. Rd1 {[%emt 0:00:16] Threatens to win with Bxf4.} Re6 41. Rd5 Kc7 42. b4 b6 43. Kd3 Rf6 44. Ke4 Bxe3 (44... Rf7 $142 45. Rf5 Re7+ 46. Kd3 Rd7+ 47. Ke2 Re7) 45. fxe3 Rc6 46. c5 {[%emt 0:00:16] Black must now prevent Rd6.} bxc5 47. Rxc5 {[%emt 0:00:02] Weighted Error Value: White=0.10 (very precise) /Black=0.41} 1-0